 Dungeon Crawl Stone Soup version 0.31-a0-472-g43a2ca8e1b (webtiles) character file.

Game seed: 13392229585212301390

12284 MacCMillion the Grappler (level 11, -3/100 HPs)
             Began as a Black Draconian Shapeshifter on Aug 6, 2023.
             Was a Priest of Qazlal.
             Slain by a freezing wraith (9 damage)
             ... on level 11 of the Dungeon.
             The game lasted 00:22:00 (13357 turns).

MacCMillion the Grappler (DrSh)                    Turns: 13357, Time: 00:22:01

Health: -3/100     AC:  7    Str: 22    XL:     11   Next: 60%
Magic:  0/17       EV: 12    Int:  8    God:    Qazlal [***...]
Gold:   610        SH:  3    Dex: 12    Spells: 10/10 levels left

rFire   . .          .
                       - Unarmed
rCold   + . .        (no shield)
rNeg    . . .        (body armour unavailable)
rPois   .            (helmet currently unavailable)
rElec   +            (cloak currently unavailable)
rCorr   .            (gloves currently unavailable)
SInv    +            (boots currently unavailable)
Will    .....        r - amulet of guardian spirit
Stlth   +            I - ring of protection from cold
HPRegen 0.36/turn    v - ring of see invisible
MPRegen 0.15/turn

%: guardian spirit
@: beast-form, slowed, very slow
A: beast (slay +5), breathe lightning, AC +7, unfitting armour, electricity
resistance, cold-blooded
a: Breathe Lightning, Begin Untransformation, Renounce Religion, Upheaval,
Elemental Force


You were on level 11 of the Dungeon.
You worshipped Qazlal.
Qazlal was most pleased with you.
You were a hulking beast.
You visited 2 branches of the dungeon, and saw 12 of its levels.
You also visited: Sewer.

You collected 610 gold pieces.

Inventory:

Missiles
 s - 26 poisoned darts
 y - a throwing net
 G - a curare-tipped dart
 M - 4 atropa-tipped darts
Armour
 g - a +0 cloak
Jewellery
 i - an amulet of the acrobat
 r - an amulet of guardian spirit (around neck)
 u - the amulet of Elemental Vulnerability {rPois rF-- rC-- AC+8}
   (You found it on level 4 of the Dungeon)

   [amulet of nothing]

   AC:        It affects your AC (+8).
   rF:        It makes you very vulnerable to fire.
   rC:        It makes you very vulnerable to cold.
   rPois:     It protects you from poison.
 v - a ring of see invisible (right hand)
 I - a ring of protection from cold (left hand)
 P - a ring of poison resistance
 Q - an amulet of faith
 R - the ring of Rerab {rCorr EV+5 Str+2 Int+2 Slay-6}
   (You found it on level 10 of the Dungeon)

   [ring of evasion]

   EV:        It affects your evasion (+5).
   Str:       It affects your strength (+2).
   Int:       It affects your intelligence (+2).
   Slay:      It affects your accuracy & damage with ranged weapons and melee
   (-6).
   rCorr:     It protects you from acid and corrosion.
 S - a ring of wizardry
Talismans
 b - a beast talisman (active)
Wands
 c - a wand of flame (7)
 B - a wand of paralysis (4)
 E - a wand of mindburst (40)
 N - a wand of light (7)
Scrolls
 a - a scroll of fear
 k - 2 scrolls of brand weapon
 l - 5 scrolls of teleportation
 m - 3 scrolls of silence {unknown}
 n - 2 scrolls of blinking
 o - 2 scrolls of amnesia
 t - a scroll of enchant weapon
 w - 3 scrolls of fog {unknown}
 x - 4 scrolls of immolation {unknown}
 A - a scroll of noise {unknown}
 C - 3 scrolls of poison {unknown}
 D - 2 scrolls of vulnerability {unknown}
 F - a scroll of butterflies {unknown}
 J - 2 scrolls of revelation {unknown}
 K - 5 scrolls of identify
 L - 2 scrolls of enchant armour {unknown}
 O - 3 scrolls of acquirement {unknown}
Potions
 d - 3 potions of heal wounds
 e - 8 potions of curing
 f - 3 potions of might
 h - 2 potions of enlightenment {unknown}
 j - 4 potions of brilliance {unknown}
 p - a potion of attraction {unknown}
 q - 3 potions of cancellation
 z - a potion of mutation {unknown}
 H - 3 potions of haste {unknown}
 T - a potion of degeneration {unknown}


   Skills:
 + Level 10.2 Fighting
 - Level 1.7 Dodging
 + Level 12.1 Unarmed Combat
 + Level 8.3 Invocations
 + Level 7.7 Shapeshifting


You had 10 spell levels left.
You didn't know any spells.
Your spell library contained the following spells:

 Spells                   Type           Power      Damage    Failure   Level
 Apportation              Tloc           0%         N/A       41%         1
 Magic Dart               Conj           0%         1d3       41%         1
 Necrotise                Necr           0%         1d4       41%         1
 Slow                     Hex            0%         N/A       41%         1
 Summon Small Mammal      Summ           0%         N/A       41%         1
 Call Imp                 Summ           0%         N/A       54%         2
 Lesser Beckoning         Tloc           0%         N/A       54%         2
 Call Canine Familiar     Summ           0%         N/A       78%         3
 Confusing Touch          Hex            0%         N/A       78%         3
 Gell's Gravitas          Tloc           0%         N/A       78%         3
 Mephitic Cloud           Conj/Pois/Air  0%         N/A       78%         3
 Portal Projectile        Hex/Tloc       0%         N/A       78%         3
 Teleport Other           Tloc           0%         N/A       78%         3
 Vampiric Draining        Necr           0%         2d6       78%         3
 Leda's Liquefaction      Hex/Erth       0%         N/A       99%         4


Dungeon Overview and Level Annotations

Branches:
Dungeon (11/15)            Temple (0/1) D:6            Lair (1/5) D:9
  Sewer (visited)
    Orc: D:9-12

Altars:
Dithmenos
Elyvilon
Fedhas
Gozag
Hepliaklqana
Qazlal
Ru
Uskayaw
Wu Jian
Xom
Yredelemnul

Shops:
D:3 [   D:10 :


Innate Abilities, Weirdness & Mutations

You are a hulking beast.
Your limbs bulge with bestial killing power. (Slay +5)
You can breathe wild blasts of lightning.
Your glossy black scales are hard. (AC +7)
You cannot fit into any form of body armour.
You are resistant to electric shocks. (rElec)
You are cold-blooded and may be slowed by cold attacks.


Message History

You block the freezing wraith's attack. The freezing wraith barely misses you.
The freezing wraith attacks as you move away!
The freezing wraith hits you! The freezing wraith freezes you. You resist.
The freezing wraith barely misses you.
You barely miss the freezing wraith.
You tail-slap the freezing wraith, but do no damage.
You pummel the freezing wraith!!
The freezing wraith is moderately damaged.
The freezing wraith closely misses you. x2
You closely miss the freezing wraith. You punch the freezing wraith.
The freezing wraith is heavily damaged.
The freezing wraith hits you but does no damage.
The freezing wraith hits you.
You closely miss the freezing wraith.
The freezing wraith is heavily damaged.
The freezing wraith hits you! The freezing wraith freezes you! You resist.
The freezing wraith hits you! The freezing wraith drains your vigour!
You feel yourself slow down.
You closely miss the freezing wraith.
You tail-slap the freezing wraith, but do no damage.
You punch the freezing wraith, but do no damage.
The freezing wraith is heavily damaged.
The yak gores you. The freezing wraith hits you.
The freezing wraith freezes you! You resist.
* * * LOW HITPOINT WARNING * * *
You block the freezing wraith's attack.
You barely miss the freezing wraith.
You tail-slap the freezing wraith, but do no damage.
The freezing wraith is heavily damaged.
The yak closely misses you. The freezing wraith hits you!
* * * LOW HITPOINT WARNING * * *
The freezing wraith freezes you! You resist.
* * * LOW HITPOINT WARNING * * *
You block the freezing wraith's attack.
You punch the freezing wraith!
The freezing wraith is severely damaged.
You block the yak's attack. The freezing wraith hits you!
* * * LOW HITPOINT WARNING * * *
The freezing wraith freezes you! You resist.
You die...

#......<#######.....>#
####....# #...#......#
##.....#....>.....#
##....#..........##
###..#.......#...#
##............#
###..........#
####..☼....# ##h°....#
..## #WY...## #'#.
#W...## #.... #...###
..... #.....#
......#.....##
......#......#
......'.....##
.(....#.....#


You could see a freezing wraith, a yak and a wraith.

Vanquished Creatures
  2 two-headed ogres
  Pikel (D:4)
  2 ugly things (D:10)
  Maurice (D:9)
  Joseph (D:8)
  An orange demon (D:8)
  3 kobold demonologists
  A merfolk (D:11)
  Grinder (D:6)
  Eustachio (D:6)
  18 yaks
  A wyvern (D:10)
  Grum (D:8)
  A human (D:11)
  2 acid dragons
  Pargi (Sewer)
  2 black bears
  4 orc warriors
  A sky beast (D:7)
  An ogre (D:7)
  2 wolves (D:8)
  4 centaurs
  2 phantoms (D:5)
  4 kobold brigands
  A necrophage (D:11)
  A scorpion (D:5)
  A gnoll sergeant (D:9)
  A bullfrog (D:7)
  5 wights
  A killer bee (D:8)
  5 howler monkeys (D:10)
  4 orc priests
  A gnoll bouda (D:9)
  A sleepcap (D:4)
  Terence (D:3)
  Ijyb (D:5)
  3 iguanas
  7 orc wizards
  Robin (D:4)
  16 gnolls
  A river rat (D:4)
  6 adders
  A shadow imp (D:7)
  2 white imps
  3 worms
  3 dart slugs
  30 orcs
  9 ball pythons
  8 bats
  6 endoplasms
  3 giant cockroaches
  10 hobgoblins
  3 jackals (D:4)
  6 quokkas
  4 frilled lizards
  18 goblins
  28 kobolds
  5 rats
  A spectral orc (D:8)
255 creatures vanquished.

Vanquished Creatures (collateral kills)
  Erica (D:9)
  Amaemon (D:8)
2 creatures vanquished.

Grand Total: 257 creatures vanquished

Notes
Turn   | Place    | Note
-------+----------+-------------------------------------------
     0 | D:1      | MacCMillion the Draconian Shapeshifter began the quest for
                  | the Orb.
     0 | D:1      | Reached XP level 1. HP: 16/16 MP: 1/1
   142 | D:1      | Reached XP level 2. HP: 24/24 MP: 2/2
   857 | D:2      | Reached XP level 3. HP: 30/30 MP: 3/3
  1215 | D:2      | Found a stormy altar of Qazlal.
  1371 | D:2      | Became a worshipper of Qazlal Stormbringer
  1425 | D:2      | Reached skill level 4 in Unarmed Combat
  1819 | D:3      | Reached XP level 4. HP: 38/38 MP: 4/4
  2094 | D:3      | Found a faded altar of an unknown god.
  2318 | D:3      | Noticed Terence
  2430 | D:3      | Killed Terence
  2581 | D:3      | Found Lusiti Vuer's Armour Emporium.
  2604 | D:3      | Reached skill level 1 in Invocations
  2744 | D:3      | Identified the +4 whip of the Median {freeze, rCorr Int+2}
  3125 | D:4      | Found a glowing drain.
  3147 | D:4      | Reached XP level 5. HP: 45/45 MP: 4/6
  3155 | Sewer    | Entered a sewer
  3163 | Sewer    | Noticed Pargi
  3179 | Sewer    | Killed Pargi
  3422 | Sewer    | Reached * piety under Qazlal
  3581 | D:4      | Found the amulet of Elemental Vulnerability {rPois rF--
                  | rC-- AC+8}
  3720 | D:4      | Identified the +6 war axe "Fepsyuciu" {antimagic, rF++ rC-
                  | Dex+3}
  3728 | D:4      | Found a stormy altar of Qazlal.
  3731 | D:4      | Found a hide-covered altar of Uskayaw.
  3891 | D:4      | Reached XP level 6. HP: 52/52 MP: 7/7
  4072 | D:4      | Noticed Robin
  4081 | D:4      | Killed Robin
  4103 | D:4      | Reached skill level 5 in Unarmed Combat
  4127 | D:4      | Reached ** piety under Qazlal
  4195 | D:4      | Noticed Pikel
  4284 | D:4      | Killed Pikel
  4285 | D:4      | Reached skill level 6 in Unarmed Combat
  4285 | D:4      | Your scales start taking on a glossy black colour.
  4285 | D:4      | Reached XP level 7. HP: 63/63 MP: 9/9
  4285 | D:4      | Gained mutation: You are resistant to electric shocks.
                  | (rElec) [Black Draconian growth]
  4543 | D:5      | Entered Level 5 of the Dungeon
  4654 | D:5      | Found an opulent altar of Gozag.
  4730 | D:5      | Reached skill level 7 in Unarmed Combat
  4749 | D:5      | Reached XP level 8. HP: 65/70 MP: 10/10
  4996 | D:5      | Reached skill level 8 in Unarmed Combat
  5292 | D:5      | Noticed Ijyb
  5296 | D:5      | Paralysed by Ijyb for 2 turns
  5303 | D:5      | Killed Ijyb
  5903 | D:5      | HP: 2/71 [yak (8)]
  6379 | D:5      | Reached XP level 9. HP: 45/79 MP: 12/12
  6725 | D:6      | Reached skill level 5 in Invocations
  6735 | D:6      | Noticed Eustachio
  6746 | D:6      | Killed Eustachio
  6761 | D:6      | Reached skill level 9 in Unarmed Combat
  6905 | D:6      | Identified the +8 triple crossbow of the Aged Princes
                  | {freeze, rC+}
  6905 | D:6      | Noticed Grinder
  6921 | D:6      | Killed Grinder
  6999 | D:6      | Found a staircase to the Ecumenical Temple.
  7276 | D:7      | Found a white marble altar of Elyvilon.
  7515 | D:7      | Reached *** piety under Qazlal
  7633 | D:7      | Reached skill level 5 in Shapeshifting
  7693 | D:7      | Found a sacrificial altar of Ru.
  8746 | D:8      | Noticed Joseph
  8769 | D:8      | Killed Joseph
  8770 | D:8      | Reached XP level 10. HP: 75/90 MP: 13/15
  9154 | D:8      | Noticed Amaemon
  9154 | D:8      | Noticed an orange demon
  9318 | D:8      | Killed Amaemon
  9322 | D:8      | Killed an orange demon
  9323 | D:8      | Reached skill level 10 in Unarmed Combat
  9413 | D:8      | Found a shimmering altar of Xom.
  9449 | D:8      | Found a blossoming altar of Fedhas.
  9468 | D:8      | Identified the +3 rapier of Destruction {vamp, *Rage Fly
                  | rPois Dex+4}
  9497 | D:8      | Noticed Grum
  9505 | D:8      | Killed Grum
  9753 | D:8      | Found a hazy altar of Hepliaklqana.
  9852 | D:8      | Found a basalt altar of Yredelemnul.
  9967 | D:9      | Noticed Maurice
  9976 | D:9      | Killed Maurice
 10167 | D:9      | Found an ornate altar of the Wu Jian Council.
 10250 | D:9      | Found a staircase to the Lair.
 10327 | D:9      | Noticed a two-headed ogre
 10381 | Lair:1   | Entered Level 1 of the Lair of Beasts
 10506 | D:9      | Killed a two-headed ogre
 10778 | D:9      | Noticed Erica
 10866 | D:9      | Killed Erica
 10867 | D:9      | Reached XP level 11. HP: 79/99 MP: 8/17
 10951 | D:9      | Reached skill level 10 in Fighting
 11705 | D:9      | Reached skill level 11 in Unarmed Combat
 11982 | D:10     | Entered Level 10 of the Dungeon
 12268 | D:10     | Noticed a brown ugly thing
 12464 | D:10     | Found Gicevi's Self-Published Books.
 12484 | D:10     | Noticed a purple ugly thing
 12498 | D:10     | Killed a purple ugly thing
 12539 | D:10     | Killed a brown ugly thing
 12744 | D:10     | Reached skill level 12 in Unarmed Combat
 12751 | D:10     | Identified the ring of Rerab {rCorr EV+5 Str+2 Int+2
                  | Slay-6}
 12796 | D:10     | Found a shadowy altar of Dithmenos.
 13204 | D:11     | Noticed a two-headed ogre
 13213 | D:11     | Killed a two-headed ogre
 13357 | D:11     | Slain by a freezing wraith

Illustrated notes

Levels and vault maps discovered:
D:1:      dpeg_arrival_arbitrary_a, layout_basic
D:2:      layout_basic, basic_altar, serial_forest,
          infiniplex_forest_straight_4, infiniplex_forest_lined_3_way,
          infiniplex_forest_clump_small, infiniplex_forest_lined_room_3,
          infiniplex_forest_lined_corner, infiniplex_forest_clump_small,
          infiniplex_forest_pool, infiniplex_forest_straight_3,
          grunt_decor_arrowhead, minmay_split_cup_small
D:3:      layout_loops_corners, ebering_ecumenical_altar_box, serial_shops,
          nicolae_shop_peninsula, uniq_terence
D:4:      layout_loops_corners, nicolae_overflow_squiral, portal_sewer_entry_b,
          reono_crystal_passage, nicolae_houndstooth_variations, uniq_robin,
          uniq_pikel
D:5:      layout_basic, nicolae_gozag_seed_capital, serial_aquarium,
          aquarium_bridge_square [aquarium_subvault_bridge,
          aquarium_subvault_bridge, aquarium_subvault_window,
          aquarium_subvault_window], aquarium_window_1, aquarium_window_2,
          aquarium_view_2d, aquarium_balcony_double_1, uniq_ijyb
D:6:      layout_gridville, minmay_temple_entry_arrows, uniq_grinder,
          uniq_eustachio
D:7:      layout_loops_ring, elyvilon_altar_1, nicolae_ru_sacrificial_ziggurat,
          minivault_26, hangedman_decor_slide_cut, hangedman_decor_push,
          chequers_serial_rivers_large_a, minmay_misc_feat_cross
D:8:      layout_loops_ring, nicolae_hepliaklqana_hippocampus,
          mainiacjoe_overflow_chevrons, fedhas_altar_2,
          yredelemnul_forgotten_temple_becter, kennysheep_generic_room_10,
          uniq_amaemon, uniq_joseph, uniq_grum
D:9:      layout_gridville, pdpol_wu_jian_five_deadly_venoms, lair_entry_dummy,
          minivault_25_ag, minmay_misc_feat_ornament, uniq_maurice, uniq_erica
D:10:     layout_loops_ring, grunt_dithmenos_smoke, nicolae_two_hexagons,
          nicolae_custom_books, minmay_radiant
D:11:     nicolae_hexawheel, layout_cave_pools, orc_david_3, serial_glass,
          glass_columns_b, glass_columns_b, gauntlet_entry_generic,
          hangedman_stone_soup
Lair:1:   cheibrodos_lair_river_kwai, layout_loops_ring, gammafunk_ghost_ooze,
          uniq_fannar, uniq_gastronok

Skill      XL: |  1  2  3  4  5  6  7  8  9 10 11 |
---------------+----------------------------------+-----
Fighting       | 2 3 4 6 7 8 9 10 | 10.2
Unarmed Combat | 4 6 7 8 9 10 12 | 12.1
Invocations    | 1 2 3 4 6 8 |  8.3
Shapeshifting  | 4 5 6 7 |  7.7
Dodging        | |  1.7

Action                     |  1- 3 |  4- 6 |  7- 9 | 10-12 || total
---------------------------+-------+-------+-------+-------++-------
  Melee: Unarmed           |    91 |   156 |   249 |   268 ||   764
         Punch             |     4 |     1 |    11 |    21 ||    37
         Tailslap          |     4 |    13 |    48 |    42 ||   107
 Invoke: Upheaval          |       |       |     2 |     4 ||     6
         Elemental Force   |       |       |       |     3 ||     3
Ability: Breathe Lightning |       |       |     3 |     2 ||     5
    Use: Potion            |       |     1 |       |     1 ||     2
         Scroll            |       |       |    10 |       ||    10
   Stab: Sleeping          |     2 |       |       |       ||     2
         Paralysed         |       |       |       |     3 ||     3
         Distracted        |       |       |       |     1 ||     1
 Armour: Skin              |    20 |    40 |    65 |    81 ||   206
  Dodge: Dodged            |    44 |    91 |   109 |   132 ||   376
  Block: Other             |       |     6 |    21 |    41 ||    68

Table legend: (Time is in decaauts)
 A = Elapsed time spent in this place.
 B = Non-inter-level travel time spent in this place.
 C = Inter-level travel time spent in this place.
 D = Time resting spent in this place.
 E = Time spent auto-exploring this place.
 F = Levels seen in this place.
 G = Mean time per level.
                   A        B        C        D        E       F      G
               +--------+--------+--------+--------+--------+-----+--------+
         Total |  13282 |  12766 |    516 |   3590 |   6778 |  13 | 1021.7 |
       Dungeon |  12756 |  12240 |    516 |   3199 |   6687 |  11 | 1159.6 |
          Lair |    179 |    179 |      0 |    175 |      0 |   1 |  179.0 |
         Sewer |    346 |    346 |      0 |    216 |     91 |   1 |  346.0 |
               +--------+--------+--------+--------+--------+-----+--------+

Top non-repeatable levels by time:
     D:5: 2102 daAuts
     D:8: 1872 daAuts
     D:9: 1660 daAuts
     D:4: 1335 daAuts
     D:7: 1126 daAuts
     D:3: 1057 daAuts
    D:10: 992 daAuts
     D:2: 986 daAuts
     D:1: 813 daAuts
     D:6: 572 daAuts
   Sewer: 346 daAuts
    D:11: 236 daAuts
  Lair:1: 179 daAuts
